 Dungeon Crawl Stone Soup version 0.28-a0-664-gc179e30c89 (webtiles) character file.

Game seed: 1309918712818842227

101 cheechan the Cudgeller (level 4, -1/32 HPs)
             Began as an Octopode Berserker on Oct 15, 2021.
             Was a Believer of Trog.
             Slain by a gnoll (8 damage)
             ... on level 3 of the Dungeon.
             The game lasted 00:09:28 (2808 turns).

cheechan the Cudgeller (Octopode Berserker)         Turns: 2808, Time: 00:09:29

Health: -1/32      AC:  1    Str: 16    XL:     4   Next: 75%
Magic:  4/4        EV: 14    Int:  9    God:    Trog [**....]
Gold:   130        SH:  0    Dex: 12    Spells: 3/3 levels left

rFire   . . .      SeeInvis .   a - +0 mace (elec)
rCold   . . .      Faith    .   (no shield)
rNeg    . . .      Spirit   .   (helmet restricted)
rPois   .          Reflect  .   (no amulet)
rElec   .          Harm     .   (no ring)
rCorr   .          Rampage  .   (no ring)
Will    .....                   (no ring)
Stlth   +.........              (no ring)
HPRegen 0.10/turn               (no ring)
MPRegen 0.09/turn               (no ring)
                                (no ring)
                                (no ring)

@: lit by a corona, glowing, studying Axes
A: almost no armour, amphibious, 8 rings, camouflage 1, gelatinous body 1,
(nimble swimmer 1), tentacles
a: Renounce Religion, Berserk, Trog's Hand


You were on level 3 of the Dungeon.
You worshipped Trog.
Trog was pleased with you.
You visited 1 branch of the dungeon, and saw 3 of its levels.

You collected 130 gold pieces.

Inventory:

Hand Weapons
 a - a +0 mace of electrocution (weapon)
Missiles
 f - 34 arrows
 i - 28 stones
 l - 42 sling bullets
Wands
 m - a wand of flame (26) (quivered)
Potions
 b - a potion of haste {unknown}
 c - a potion of curing {unknown}
 d - 2 potions of resistance
 e - a potion of heal wounds {unknown}
 g - a potion of attraction {unknown}
 j - a potion of magic {unknown}
 n - a potion of brilliance {unknown}


   Skills:
 + Level 3.6 Fighting
 + Level 4.0 Maces & Flails
 + Level 3.6 Dodging
 + Level 2.1 Stealth


You had 3 spell levels left.
You didn't know any spells.
Your spell library was empty.

Dungeon Overview and Level Annotations

Branches:
Dungeon (3/15)

Altars:

Shops:
D:1 :


Innate Abilities, Weirdness & Mutations

You cannot wear most types of armour.
You are amphibious.
You can wear up to eight rings at the same time.
Your skin changes colour to match your surroundings (Stealth+).
Your rubbery body absorbs attacks. (AC +1, EV +1)
((You are camouflaged near water. (Stealth+)))
You have tentacles for arms and can constrict up to eight enemies at once.


Message History

The gnoll hits you with a +0 flail.
You hit the gnoll. You grab the gnoll. You squeeze the gnoll!
The gnoll is almost dead.
You constrict the gnoll. The gnoll closely misses you.
The gnoll shouts!
You sock the gnoll!
You kill the gnoll!
Trog accepts your kill.
You hear an angry hiss.
You hit the gnoll shaman. Your grab misses the gnoll shaman.
You squeeze the gnoll shaman, but do no damage.
The gnoll shaman is lightly wounded.
The gnoll shaman closely misses you.
You hit the gnoll shaman but do no damage.
Lightning courses through the gnoll shaman!
You grab the gnoll shaman.
The gnoll shaman is almost dead.
You constrict the gnoll shaman.
You kill the gnoll shaman!
Trog accepts your kill. The gnoll hits you with a +3 whip!
Your Maces & Flails skill increases to level 4!
Your Stealth skill increases to level 2!
You closely miss the gnoll. Your grab misses the gnoll.
A frilled lizard comes into view.
The gnoll hits you with a +3 whip.
You closely miss the gnoll.
The frilled lizard hisses angrily.
You grab the gnoll. You squeeze the gnoll.
The gnoll is heavily wounded.
You constrict the gnoll. The gnoll hits you with a +3 whip!
* * * LOW HITPOINT WARNING * * *
Okay, then.
You aren't carrying any scrolls.
Okay, then.
You sock the gnoll! Lightning courses through the gnoll!
You kill the gnoll!
Trog accepts your kill. The gnoll hits you with a +0 whip!
You die...

#......##'##.####
#................
#................
#......†.........
#............###+
#............#
#............#
#..............
#@g.............
#.).............
######l.......
....... ......
....


You could see a gnoll and a frilled lizard.

Vanquished Creatures
  A gnoll shaman (D:3)
  2 gnolls (D:3)
  2 adders
  5 ball pythons
  5 endoplasms
  10 giant cockroaches
  2 hobgoblins
  2 quokkas
  2 bats (D:1)
  3 frilled lizards (D:1)
  2 goblins (D:1)
  5 kobolds
  4 rats (D:1)
45 creatures vanquished.

Notes
Turn   | Place    | Note
-------+----------+-------------------------------------------
     0 | D:1      | cheechan the Octopode Berserker began the quest for the
                  | Orb.
     0 | D:1      | Reached XP level 1. HP: 16/16 MP: 1/1
   415 | D:1      | Reached XP level 2. HP: 15/21 MP: 2/2
   420 | D:1      | Identified a scroll of acquirement
   420 | D:1      | Acquired a manual of Axes
  1158 | D:1      | Found Paabon's Book Shop.
  1629 | D:2      | Reached XP level 3. HP: 26/26 MP: 3/3
  1665 | D:2      | Reached ** piety under Trog
  1932 | D:2      | Reached skill level 1 in Stealth
  2723 | D:3      | Reached XP level 4. HP: 23/31 MP: 4/4
  2806 | D:3      | Reached skill level 4 in Maces & Flails
  2808 | D:3      | Slain by a gnoll

Illustrated notes

Levels and vault maps discovered:
D:1:      lemuel_arrival_rhombus, layout_basic, serial_shops,
          nicolae_shop_stone, minmay_tiny_reverse_x
D:2:      minmay_roachtagon, layout_basic, minmay_pentomino_s4
D:3:      layout_basic, vehumet_crystals, dreamdust_ecumenical_altar_statues

Skill      XL: |  1  2  3  4 |
---------------+-------------+-----
Stealth        | 1 2 |  2.1
Maces & Flails | 4 |  4.0
Fighting       | |  3.6
Dodging        | |  3.6

Action                   |  1- 3 |  4- 6 || total
-------------------------+-------+-------++-------
Melee: Mace              |    76 |     7 ||    83
       Constrict         |    17 |     3 ||    20
       Tentacles         |    17 |     3 ||    20
Invok: Berserk           |     1 |       ||     1
  Use: Scroll            |     6 |       ||     6
 Stab: Sleeping          |     3 |       ||     3
Armor: Skin              |     9 |       ||     9
Dodge: Dodged            |    67 |     2 ||    69

Table legend: (Time is in decaauts)
 A = Elapsed time spent in this place.
 B = Non-inter-level travel time spent in this place.
 C = Inter-level travel time spent in this place.
 D = Time resting spent in this place.
 E = Time spent auto-exploring this place.
 F = Levels seen in this place.
 G = Mean time per level.
                   A        B        C        D        E       F      G
               +--------+--------+--------+--------+--------+-----+--------+
         Total |   2831 |   2831 |      0 |    861 |      0 |   3 |  943.7 |
       Dungeon |   2831 |   2831 |      0 |    861 |      0 |   3 |  943.7 |
               +--------+--------+--------+--------+--------+-----+--------+

Top non-repeatable levels by time:
     D:1: 1616 daAuts
     D:2: 1017 daAuts
     D:3: 196 daAuts
